cohdb
Replays
Latest Replays
All Replays
Popular Replays
Top Player Replays
Match Explorer
How It Works
Community
CoH3 Stats
Reddit
Sign in to upload your games and track your stats! →
Sign in with Steam
Match 44169868
Unlisted
Match 44169868
Overview
Messages
Build Orders
End
Construct Barracks
Riflemen Squad
1⁄4-ton 4x4 Truck
Construct Weapon Support Center
M1919 Machine Gun Team
Bazooka Squad
M1919 Machine Gun Team
Grenade Package
Riflemen Squad
Bazooka Squad
Infantry Support Center
M3 Armored Personnel Carrier
M1918 Browning Automatic Rifles
Advanced Logistics
Munitions Surplus
Improved M9 Bazooka Rockets
Engineer Squad
Mortar Pit
Selects Heavy Weapons
Selects M2HB .50cal Heavy Machine Gun
Selects Rapid Reposition
Selects Bolstered Team Weapons
Mortar Pit
Selects Assault Carriers
Bazooka Squad
Selects Halftrack Strongpoints
Mortar Pit
Bazooka Squad
Selects Towed M5 3-inch Anti-tank Gun
Mortar Pit
Towed M5 3-inch Anti-tank Gun
Engineer Squad
Riflemen Squad
Riflemen Squad
Construct Tank Depot
Sappi †
Legionary
TrihardHassendeZerhacker
Um Lei Tung
0
0
Comments
sign in to comment!
No comments posted yet!